 Dungeon Crawl Stone Soup version 0.15-a0-1909-gd9acbb9 (webtiles) character file.

99 Quh the Distorting Demonspawn (level 4, 0/35 HPs)
             Began as a Demonspawn Abyssal Knight on July 6, 2014.
             Was a Believer of Lugonu.
             Slain by an orc wizard
             ... wielding a +0 dagger
              (1 damage)
             ... on Level 3 of the Dungeon.
             The game lasted 00:07:15 (2261 turns).

Quh the Distorting Demonspawn (DsAK)                Turns: 2261, Time: 00:07:15

HP   0/35        AC  3     Str 13      XL: 4   Next: 45%
MP   7/7         EV 10     Int 13      God: Lugonu [**....]
Gold 150         SH  0     Dex 13      Spells:  0 memorised,  3 levels left

rFire  . . .     SeeInvis .     a - +1 spear
rCold  . . .     Clarity  .     b - +0 leather armour
rNeg   . . .     rCorr    .     (no shield)
rPois  .         rRot     +     (no helmet)
rElec  .         Spirit   .     (no cloak)
SustAb .         Warding  .     (no gloves)
rMut   .         Stasis   .     (no boots)
Gourm  .                        (no amulet)
MR     .....                    (no ring)
                                (no ring)

@: confused, not resistant to hostile enchantments, very unstealthy
A: foul stench 1, rot immunity
a: Depart the Abyss, Bend Space, Renounce Religion


You were on level 3 of the Dungeon.
You worshipped Lugonu.
Lugonu was pleased with you.
You were hungry.

You visited 1 branch of the dungeon, and saw 3 of its levels.
You visited the Abyss 1 time.

You collected 150 gold pieces.

Inventory:

Hand weapons
 a - a +1 spear (weapon)
Missiles
 h - 86 stones (quivered)
 k - 4 poisoned javelins
 o - 25 arrows
Armour
 b - a +0 leather armour (worn)
Magical devices
 u - a wand of lightning (8) {unknown}
Comestibles
 c - 4 bread rations
 d - 2 meat rations
 f - 2 slices of pizza
 r - a beef jerky
Scrolls
 g - 2 scrolls of identify {unknown}
 l - a scroll of magic mapping {unknown}
 n - a scroll of remove curse {unknown}
 p - a scroll of random uselessness {unknown}
 q - a scroll of teleportation {unknown}
Jewellery
 s - a cursed ring of teleportation {unknown}
 t - an uncursed ring of poison resistance {unknown}
Potions
 e - 2 potions of resistance {unknown}
 i - a potion of lignification {unknown}
 j - a potion of decay {unknown}
 m - 2 potions of restore abilities {unknown}


   Skills:
 - Level 3.0 Fighting
 * Level 3.5 Polearms
 - Level 1.7 Armour
 - Level 0.8 Dodging
 + Level 4.2 Invocations


You had 3 spell levels left.
You didn't know any spells.

Dungeon Overview and Level Annotations

Branches:
Dungeon (3/15)

Altars:


Innate Abilities, Weirdness & Mutations

You emit a foul stench.
You are immune to rotting.


Message History

The orc barely misses you.
You hear some strange, mumbled words.
Something tries to affect you, but you resist.
Ouch! Something hits you.
* * * LOW HITPOINT WARNING * * *
The orc hits you with a club.
* * * LOW HITPOINT WARNING * * *
Something hits you but does no damage.
Ouch! The orc hits you but does no damage. Something hits you.
* * * LOW HITPOINT WARNING * * *
You completely miss something. The orc hits you with a club.
* * * LOW HITPOINT WARNING * * *
Ouch! You hear some strange, mumbled words.
You are more confused.
The orc suddenly cheers.
The orc hits you with a club.
* * * LOW HITPOINT WARNING * * *
You closely miss something. Something hits you.
You die...

#..♣♣♣.♣.♣♣♣.......# #.♣#
#♣.♣# #♣.....## #.♣ ♣.♣
♣.##.######. #.♣# #♣.♣#
#♣...........#
#..♣♣♣...♣♣♣..##.#####
#.............##.#
#######.####.###.#
######..# #...o.#
.......## #####@# ###..###
#####.# ##.#.#######...#.#
#.###..........#.#
##.#.#######.....#########
##..# ####...........
###..# #.....#######
.....# ##...## ###.##
##.##


You could see an orc.

Vanquished Creatures
  4 adders
  A giant mite (D:3)
  A worm (D:2)
  3 giant geckos
  2 giant cockroaches
  5 goblins
  9 hobgoblins
  5 jackals (D:1)
  A ball python (D:2)
  4 bats
  4 giant newts
  5 kobolds
  5 rats
49 creatures vanquished.

Notes
Turn   | Place    | Note
--------------------------------------------------------------
     0 | Abyss:1  | Quh, the Demonspawn Abyssal Knight, began the quest for the Orb.
     0 | Abyss:1  | Reached XP level 1. HP: 18/18 MP: 1/1
    35 | Abyss:1  | Found a corrupted altar of Lugonu.
    97 | Abyss:1  | Noticed a small abomination
   109 | Abyss:1  | Noticed a large abomination
   110 | D:1      | Escaped the Abyss
   197 | D:1      | Acquired Lugonu's first power
   243 | D:1      | Gained mutation: You are immune to rotting. [demonic ancestry]
   243 | D:1      | Reached XP level 2. HP: 24/24 MP: 2/2
   882 | D:1      | Reached XP level 3. HP: 25/29 MP: 5/5
   988 | D:2      | Acquired Lugonu's second power
  1473 | D:2      | Reached skill level 4 in Invocations
  1575 | D:2      | Gained mutation: You emit a foul stench. [demonic ancestry]
  1575 | D:2      | Reached XP level 4. HP: 35/35 MP: 7/7
  2260 | D:3      | HP: 1/35 [orc/club (1)]
  2261 | D:3      | Slain by an orc wizard

Action                   |  1- 3 |  4- 6 || total
-------------------------+-------+-------++-------
Melee: Spear             |   131 |    27 ||   158
Throw: Stone             |    39 |    18 ||    57
Invok: Depart the Abyss  |     1 |       ||     1
  Eat: Chunk             |     2 |     2 ||     4
